 Dungeon Crawl Stone Soup version 0.14-a0-2162-g062a2ce (webtiles) character file.

258 Malachi the Insei (level 5, -13/25 HPs)
             Began as a Vine Stalker Transmuter on Jan 28, 2014.
             Mangled by a gnoll
             ... wielding a +2,+0 halberd
              (16 damage)
             ... on Level 3 of the Dungeon.
             The game lasted 00:06:05 (1893 turns).

Malachi the Insei (Vine Stalker Transmuter)         Turns: 1893, Time: 00:06:05

HP -13/25        AC  3     Str 12      XL: 5   Next: 20%
MP   0/13        EV 13     Int 14      God:
Gold 121         SH  0     Dex 15      Spells:  2 memorised,  7 levels left

rFire  . . .     SeeInvis .       - Unarmed
rCold  . . .     Clarity  .     r - +0 robe
rNeg   . . .     Conserve .     (no shield)
rPois  .         rCorr    .     (no helmet)
rElec  .         rRot     +     (no cloak)
SustAb . .       Spirit   +     h - +0 pair of elf gloves
rMut   .         Warding  .     (boots unavailable)
Saprov . . .     Stasis   .     (no amulet)
MR     .....                    (no ring)
                                (no ring)

@: appendage (expiring), very slightly contaminated, not resistant to hostile
enchantments, fairly stealthy
A: fangs 2, talons 3, regeneration 1, magic shield, antimagic bite, no device
heal
a: End Transformation


You were on level 3 of the Dungeon.
You were not hungry.
You had grown temporary talons.
You visited 1 branch of the dungeon, and saw 3 of its levels.

You collected 121 gold pieces.

Inventory:

Hand weapons
 t - a +0,+0 short sword
 x - a cursed -4,-1 orcish mace
 y - a cursed -3,-2 whip
Missiles
 b - 12 arrows
 z - 6 poisoned javelins (quivered)
Armour
 h - a +0 pair of elven gloves (worn)
 r - a +0 robe (worn)
Comestibles
 a - 2 bread rations
 l - 2 meat rations
 m - an apple
 u - 3 rotting chunks of jackal flesh
 v - a rotting chunk of rat flesh
 w - a rotting chunk of bat flesh
 A - 3 chunks of gnoll flesh
Scrolls
 c - a scroll of teleportation {unknown}
 f - a scroll of remove curse {unknown}
 g - 3 scrolls of identify {unknown}
 j - a scroll of enchant weapon I {unknown}
 k - a scroll of curse jewellery {unknown}
 n - a scroll of amnesia {unknown}
 o - a scroll of enchant armour {unknown}
 q - a scroll of noise {unknown}
 s - 2 scrolls of blinking {unknown}
Potions
 e - 3 potions of curing {unknown}
 i - 2 potions of paralysis {unknown}
 p - a potion of poison {unknown}
Books
 d - a book of Changes

   Spells                             Type                      Level
   *Beastly Appendage                 Transmutation                1
   *Sticks to Snakes                  Transmutation                2
   Spider Form                        Transmutation/Poison         3
   Ice Form                           Ice/Transmutation            4
   Blade Hands                        Transmutation                5


   Skills:
 + Level 1.1 Fighting
 + Level 2.5 Dodging
 + Level 1.3 Stealth
 + Level 3.8 Unarmed Combat
 + Level 3.1 Spellcasting
 + Level 2.6 Transmutations


You had 7 spell levels left.
You knew the following spells:

 Your Spells              Type           Power        Failure   Level  Hunger
a - Beastly Appendage     Trmt           #.....       10%         1    #......
b - Sticks to Snakes      Trmt           #.........   14%         2    ##.....


Dungeon Overview and Level Annotations

Branches:
Dungeon (3/16)

Altars:


Innate Abilities, Weirdness & Mutations

You have extremely sharp teeth.
Your natural rate of healing is unusually fast.
When hurt, damage is shared between your health and your magic reserves.
Your bite disrupts and absorbs the magic of your enemies.
Potions and wands cannot restore your HP.
You have claws for feet.


Message History

The gnoll is moderately wounded.
The gnoll misses you.
You barely miss the gnoll. You bite the gnoll. You drain its power.
You feel invigorated.
The gnoll is heavily wounded.
The gnoll completely misses you.
You closely miss the gnoll. You claw the gnoll, but do no damage.
The gnoll is heavily wounded.
You closely miss the gnoll. Your bite misses the gnoll.
The gnoll is heavily wounded.
The gnoll closely misses you.
You barely miss the gnoll. Your kick misses the gnoll.
The gnoll is heavily wounded.
The gnoll hits you with a halberd!
* * * LOW HITPOINT WARNING * * *
You are too injured to fight recklessly!
You are too injured to fight recklessly!
The gnoll hits you from afar with a halberd!
Ouch! That really hurt!
You die...

.##...###.####.%.%.<.#
........)...........%#
###...###.####...#...#
###........###..##.###
................##.#
#####......###.###.#
.............%.g...#
...##########..#.###
...# #..#@# ...#
#..#.# .### #..#.# .#
#..#.. .# #)[#.. .#
#..g.....# .#
#......#... ..
#......# ##..#.##


You could see a gnoll.

Vanquished Creatures
  2 adders (D:3)
  3 gnolls (D:3)
  An inept feature mimic (D:2)
  2 worms (D:3)
  A giant gecko (D:2)
  An ooze (D:3)
  3 orcs (D:3)
  A ball python (D:2)
  5 bats
  6 hobgoblins
  13 jackals
  2 giant cockroaches (D:1)
  5 giant newts
  11 goblins
  5 kobolds
  6 rats
67 creatures vanquished.

Notes
Turn   | Place    | Note
--------------------------------------------------------------
     0 | D:1      | Malachi, the Vine Stalker Transmuter, began the quest for the Orb.
     0 | D:1      | Reached XP level 1. HP: 9/9 MP: 3/3
     2 | D:1      | Noticed a shark
   257 | D:1      | Reached XP level 2. HP: 14/14 MP: 5/5
   721 | D:2      | Reached XP level 3. HP: 13/17 MP: 7/7
  1088 | D:3      | Reached skill level 1 in Fighting
  1100 | D:3      | Reached XP level 4. HP: 11/22 MP: 7/9
  1619 | D:3      | Learned a level 2 spell: Sticks to Snakes
  1797 | D:3      | Reached skill level 1 in Stealth
  1801 | D:3      | Reached XP level 5. HP: 25/25 MP: 13/13
  1893 | D:3      | Mangled by a gnoll

Action                   |  1- 3 |  4- 6 || total
-------------------------+-------+-------++-------
Melee: Unarmed           |    92 |   113 ||   205
 Cast: Beastly Appendage |    21 |    13 ||    34
 Stab: Sleeping          |       |     2 ||     2
